 Dungeon Crawl Stone Soup version 0.27-a0-652-g2d5cf1dcd3 (webtiles) character file.

Game seed: 14915192455236262057

2734 Jerej03 the Cudgeller (level 9, -23/56 (69) HPs)
             Began as a Demonspawn Abyssal Knight on Mar 15, 2021.
             Was a Priest of Lugonu.
             Killed from afar by Maggie (29 damage)
             ... with a bolt of fire
             ... on level 8 of the Dungeon on Mar 16, 2021.
             The game lasted 00:41:29 (8000 turns).

Jerej03 the Cudgeller (Demonspawn Abyssal Knight)   Turns: 8000, Time: 00:41:29

HP:   -23/56 (69)   AC: 13    Str: 21    XL:     9   Next: 40%
MP:   11/11         EV:  9    Int: 14    God:    Lugonu [***...]
Gold: 389           SH:  0    Dex: 13    Spells: 4/8 levels left

rFire    . . .     SeeInvis .   x - +3 mace
rCold    . . .     Faith    .   (no shield)
rNeg     . . .     Spirit   .   u - +0 chain mail
rPois    .         Reflect  .   d - +0 helmet
rElec    .         Harm     .   (no cloak)
rCorr    .         Rampage  .   f - +1 pair of gloves
Will     .....                  (no boots)
Stlth    ..........             (no amulet)
HPRegen  0.18/turn              g - +6 ring of strength
MPRegen  0.12/turn              (no ring)

@: mesmerised, heavily drained
A: claws 2, powered by death 2, spiny 1
a: Renounce Religion, Depart the Abyss, Bend Space, Banish


You were on level 8 of the Dungeon.
You worshipped Lugonu.
Lugonu was most pleased with you.
You visited 2 branches of the dungeon, and saw 9 of its levels.
You visited the Abyss 1 time.

You collected 389 gold pieces.

Inventory:

Hand Weapons
 a - a +1 short sword
 c - a +1 mace of protection
 s - a +4 battleaxe
 v - a +1 spear of flaming
 x - a +3 mace (weapon)
 y - a +3 short sword of freezing
 z - a +0 short sword of electrocution
Missiles
 j - 8 boomerangs (quivered)
Armour
 b - a +0 leather armour
 d - a +0 helmet (worn)
 f - a +1 pair of gloves (worn)
 u - a +0 chain mail (worn)
 w - a +0 scale mail
Jewellery
 g - a +6 ring of strength (right hand)
 k - a ring of wizardry
 m - a ring of positive energy
 p - a ring of protection from cold
 r - a ring of wizardry
 t - a ring of magical power
Wands
 l - a wand of iceblast (5)
Scrolls
 e - a scroll of immolation
 h - a scroll of enchant armour
 i - 3 scrolls of identify
 n - 3 scrolls of fog
 o - a scroll of magic mapping
 q - 2 scrolls of random uselessness


   Skills:
 + Level 6.1 Fighting
 + Level 2.5 Short Blades
 + Level 7.4 Maces & Flails
 + Level 0.2 Throwing
 + Level 4.9 Armour
 + Level 4.7 Dodging
 + Level 2.6 Stealth
 + Level 0.3 Spellcasting
 + Level 0.1 Ice Magic
 + Level 3.0 Invocations


You had 4 spell levels left.
You knew the following spells:

 Your Spells              Type           Power      Damage    Failure   Level
a - Freeze                Ice            0%         1d3       93%         1
b - Ozocubu's Armour      Ice            0%         N/A       100%        3

Your spell library contained the following spells:

 Spells                   Type           Power      Damage    Failure   Level
 Summon Small Mammal      Summ           0%         N/A       94%         1
 Call Imp                 Summ           0%         N/A       98%         2
 Call Canine Familiar     Summ           0%         N/A       100%        3
 Confusing Touch          Hex            0%         N/A       100%        3
 Frozen Ramparts          Ice            0%         1d2       100%        3
 Gell's Gravitas          Tloc           0%         N/A       100%        3
 Summon Guardian Golem    Hex/Summ       0%         N/A       100%        3
 Hailstorm                Conj/Ice       0%         3d3       100%        4
 Petrify                  Tmut/Erth      0%         N/A       100%        4
 Summon Ice Beast         Ice/Summ       0%         N/A       100%        4
 Summon Lightning Spire   Summ/Air       0%         N/A       100%        4
 Metabolic Englaciation   Hex/Ice        0%         N/A       100%        5
 Yara's Violent Unravell  Hex/Tmut       0%         3d3       100%        5


Dungeon Overview and Level Annotations

Branches:
Dungeon (8/15)             Temple (1/1) D:5
   Lair: D:8-11

Altars:
Ashenzari
Cheibriados
Dithmenos
Elyvilon
Fedhas
Gozag
Hepliaklqana
Makhleb
Nemelex Xobeh
Okawaru
Qazlal
Ru
Sif Muna
Vehumet
Xom
Zin
The Shining One

Shops:
D:5 (

Annotations:
D:8 Maggie


Innate Abilities, Weirdness & Mutations

You have very sharp fingernails.
You regenerate health from kills.
You are partially covered in sharp spines.


Message History

You feel drained.
You hit Maggie.
Maggie is moderately wounded.
Maggie is struck by your spines.
Maggie hits you with a +1 scimitar of draining.
You feel drained.
You hit Maggie.
Maggie is heavily wounded.
Maggie casts a spell.
Maggie draws you further into her thrall.
You hit Maggie.
Maggie is severely wounded.
Maggie hits you with a +1 scimitar of draining.
You feel drained.
You hit Maggie.
Maggie is severely wounded.
Maggie barely misses you.
You closely miss Maggie.
Maggie is severely wounded.
Maggie is struck by your spines. Maggie hits you but does no damage.
You feel drained. Maggie is struck by your spines.
Maggie hits you with a +1 scimitar of draining!
You feel drained.
* * * LOW HITPOINT WARNING * * *
You sock Maggie!
Maggie is almost dead.
Maggie points at you and mumbles some strange words.
The bolt of fire misses you.
You barely miss Maggie.
Maggie is almost dead.
Maggie mumbles the words to a spell, but in the wrong order.
Maggie gestures at you while chanting. The bolt of fire hits you!
* * * LOW HITPOINT WARNING * * *
You hit Maggie.
Maggie is almost dead.
Maggie gestures at you while chanting. The bolt of fire hits you!!
Ouch! That really hurt!
You die...

...._......##.# .....#
#.#....#.#.##.# .....#
#.##...# #....##.....#
#....###.#.....#.)...#
####.....#...#.#...$.#
####.#####...#..#
..##.........##.#
..###........##.## ###
###########.@# # ##@#
# #... ##### ##..#
....# ..# ....# ...
....# .>.. ....# .....
....#


You could see Maggie (mesmerising).

Vanquished Creatures
  Sigmund (D:5)
  2 ice beasts
  3 ogres
  2 sky beasts
  2 centaurs
  3 phantoms
  3 bullfrogs
  6 killer bees (D:8)
  5 wights (D:7)
  3 howler monkeys
  2 bullfrog zombies (D:8)
  A centaur zombie (D:6)
  A quasit (D:5)
  3 hounds
  2 jellies
  3 orc priests
  An iguana (D:7)
  4 orc wizards
  3 worker ants
  A hound zombie (D:5)
  A hound skeleton (D:6)
  3 gnolls (D:3)
  7 adders
  2 shadow imps
  A white imp (D:8)
  2 oozes
  An adder zombie (D:8)
  2 dart slugs
  A worm (D:2)
  4 leopard geckos
  21 orcs
  2 bats
  7 goblins
  3 hobgoblins
  5 jackals
  4 kobolds
  3 quokkas
  3 ball pythons
  9 frilled lizards
  A leopard gecko zombie (D:7)
  A quokka zombie (D:7)
  5 rats
139 creatures vanquished.

Notes
Turn   | Place    | Note
-------+----------+-------------------------------------------
     0 | Abyss:1  | Jerej03 the Demonspawn Abyssal Knight began the quest for
                  | the Orb.
     0 | Abyss:1  | Reached XP level 1. HP: 18/18 MP: 2/2
     0 | D:1      | Escaped the Abyss
   161 | D:1      | Gained mutation: You are partially covered in sharp spines.
                  | [demonic ancestry]
   161 | D:1      | Reached XP level 2. HP: 24/24 MP: 4/4
   287 | D:1      | Reached * piety under Lugonu
   288 | D:1      | Reached skill level 1 in Dodging
   749 | D:2      | Reached XP level 3. HP: 29/29 MP: 5/5
  1119 | D:2      | Found a faded altar of an unknown god.
  1535 | D:3      | Gained mutation: You have sharp fingernails. [demonic
                  | ancestry]
  1535 | D:3      | Reached XP level 4. HP: 37/37 MP: 6/6
  1726 | D:3      | Noticed an ogre
  1745 | D:3      | Killed an ogre
  1746 | D:3      | Reached skill level 1 in Maces & Flails
  1746 | D:3      | Reached XP level 5. HP: 26/42 MP: 7/7
  2151 | D:3      | Reached ** piety under Lugonu
  2152 | D:3      | Reached skill level 2 in Maces & Flails
  2158 | D:3      | Reached skill level 1 in Stealth
  2504 | D:4      | HP: 2/42 [something/puff of flame (4)]
  2631 | D:4      | Gained mutation: You regenerate a little health from kills.
                  | [demonic ancestry]
  2631 | D:4      | Reached XP level 6. HP: 12/48 MP: 8/8
  2961 | D:4      | You fall into a shaft and drop 1 floor!
  2961 | D:5      | Entered Level 5 of the Dungeon
  3000 | D:5      | Reached skill level 3 in Maces & Flails
  3048 | D:5      | Learned a level 1 spell: Freeze
  3052 | D:5      | Learned a level 3 spell: Ozocubu's Armour
  3085 | D:5      | Upgraded the game from 0.27-a0-637-g3a9f0a9c12 to
                  | 0.27-a0-652-g2d5cf1dcd3
  3184 | D:5      | Found Roenul's Weapon Boutique.
  3538 | D:5      | Noticed Sigmund
  3650 | D:5      | HP: 2/49 [centaur (8)]
  3652 | D:5      | Gained mutation: You have very sharp fingernails. [demonic
                  | ancestry]
  3652 | D:5      | Reached XP level 7. HP: 2/55 MP: 9/9
  4187 | D:5      | Killed Sigmund
  4188 | D:5      | Reached skill level 4 in Maces & Flails
  4628 | D:5      | Found a staircase to the Ecumenical Temple.
  4655 | Temple   | Entered the Ecumenical Temple
  5124 | D:6      | Reached skill level 5 in Maces & Flails
  5124 | D:6      | Gained mutation: You regenerate health from kills. [demonic
                  | ancestry]
  5124 | D:6      | Reached XP level 8. HP: 61/61 MP: 10/10
  5197 | D:6      | Reached skill level 5 in Fighting
  5249 | D:6      | Found an iron altar of Okawaru.
  5670 | D:6      | Reached skill level 6 in Maces & Flails
  6000 | D:7      | Found a stormy altar of Qazlal.
  6001 | D:7      | Noticed an air elemental
  6118 | D:7      | Found a broken altar of Ashenzari.
  6349 | D:7      | Found a shadowy altar of Dithmenos.
  6600 | D:7      | Found a snail-covered altar of Cheibriados.
  6825 | D:7      | HP: 2/57 [wight/+0 trident (4)]
  7127 | D:7      | Reached XP level 9. HP: 48/63 MP: 11/11
  7625 | D:8      | Reached skill level 7 in Maces & Flails
  7757 | D:8      | Reached *** piety under Lugonu
  7957 | D:8      | Found a sacrificial altar of Ru.
  7981 | D:8      | Noticed Maggie
  8000 | D:8      | Killed from afar by Maggie

Illustrated notes

Levels and vault maps discovered:
D:1:      sevenhm_arrival_forest_fort_small_5, layout_rooms, nrook_uturn
D:2:      layout_rooms, elyvilon_altar_4, chequers_ecumenical_altar_twisty
D:3:      layout_basic
D:4:      layout_gridville, marbit_many_paths, nicolae_uskayaw_suspiria
D:5:      layout_basic, minmay_temple_entry_mist, serial_shops,
          nicolae_shop_window_shopping, uniq_sigmund
D:6:      layout_loops_ring, kennysheep_little_box,
          minmay_misc_feat_four_crosses
D:7:      layout_basic, nicolae_qazlal_style_of_elements,
          nicolae_overflow_hidden_temple, nicolae_dithmenos_the_darkroom,
          cheibriados_altar_1, enter_bailey_2, grunt_decor_fettered
D:8:      layout_basic, trog_antimagical, nicolae_overflow_crystal_walls,
          hex_tiny, st_stairs_11, uniq_erica, uniq_maggie
Temple:   jpeg_temple_alley_garden

Skill      XL: |  1  2  3  4  5  6  7  8  9 |
---------------+----------------------------+-----
Dodging        | 1 2 3 4 |  4.7
Short Blades   | 2 |  2.5
Armour         | 2 3 4 |  4.9
Invocations    | 3 |  3.0
Fighting       | 4 5 6 |  6.1
Maces & Flails | 1 2 3 5 6 7 |  7.4
Stealth        | 1 2 |  2.6
Throwing       | |  0.2
Spellcasting   | |  0.3
Ice Magic      | |  0.1

Action                   |  1- 3 |  4- 6 |  7- 9 || total
-------------------------+-------+-------+-------++-------
Melee: Short sword       |    15 |       |       ||    15
       Mace              |    49 |   109 |   252 ||   410
Throw: Boomerang         |       |     1 |     2 ||     3
 Cast: Freeze            |       |     1 |       ||     1
Invok: Depart the Abyss  |     1 |       |       ||     1
  Use: Potion            |       |     5 |       ||     5
       Scroll            |       |     6 |     5 ||    11
 Stab: Sleeping          |     1 |       |       ||     1
Armor: Leather armour    |    16 |    43 |    88 ||   147
       Chain mail        |       |       |    35 ||    35
Dodge: Dodged            |    30 |    60 |   142 ||   232

Table legend: (Time is in decaauts)
 A = Elapsed time spent in this place.
 B = Non-inter-level travel time spent in this place.
 C = Inter-level travel time spent in this place.
 D = Time resting spent in this place.
 E = Time spent auto-exploring this place.
 F = Levels seen in this place.
 G = Mean time per level.
                   A        B        C        D        E       F      G
               +--------+--------+--------+--------+--------+-----+--------+
         Total |   8088 |   7625 |    463 |   1052 |   5048 |  10 |  808.8 |
       Dungeon |   7813 |   7449 |    364 |   1052 |   4872 |   8 |  976.6 |
        Temple |    275 |    176 |     99 |      0 |    176 |   1 |  275.0 |
         Abyss |      0 |      0 |      0 |      0 |      0 |   1 |    0.0 |
               +--------+--------+--------+--------+--------+-----+--------+

Top non-repeatable levels by time:
     D:5: 1856 daAuts
     D:7: 1456 daAuts
     D:3: 1127 daAuts
     D:6: 1078 daAuts
     D:1: 717 daAuts
     D:2: 629 daAuts
     D:4: 524 daAuts
     D:8: 421 daAuts
  Temple: 275 daAuts
